 Dungeon Crawl Stone Soup version 0.30-a0-462-gd5975efbca (webtiles) character file.

Game seed: 10133813911289241452

2901 cforsyth the Protected (level 9, 0/87 HPs)
             Began as an Armataur Warper on Dec 17, 2022.
             Was a Priest of Okawaru.
             Succumbed to a hornet's poison
             ... on level 8 of the Dungeon.
             The game lasted 00:18:55 (10160 turns).

cforsyth the Protected (Armataur Warper)           Turns: 10160, Time: 00:18:55

Health: 0/87       AC: 19    Str: 16    XL:     9   Next: 49%
Magic:  11/11      EV:  5    Int: 15    God:    Okawaru [***...]
Gold:   474        SH:  0    Dex: 11    Spells: 11/11 levels left

rFire   . . .      SeeInvis +    s - +2 spear of Valiance {protect, rN++ rCorr Dex-2 SInv}
rCold   . . .      Faith    .    (no shield)
rNeg    + + .      Spirit   .    F - +0 chain mail
rPois   .          Reflect  .    (no helmet)
rElec   .          Harm     .    l - +0 cloak
rCorr   +          Roll     +    (no gloves)
Will    .....                    (no barding)
Stlth   ..........               w - amulet of regeneration
HPRegen 1.14/turn                (no ring)
MPRegen 0.12/turn                (no ring)

@: lethally poisoned (0 -> -17), under a protective aura, slowed, very slow
A: large, rugged brown scales 3, deformed body, armoured tail, roll, long
tongue, awkward tongue
a: Renounce Religion, Heroism


You were on level 8 of the Dungeon.
You worshipped Okawaru.
Okawaru was most pleased with you.
You visited 2 branches of the dungeon, and saw 9 of its levels.
You also visited: Sewer.

You collected 474 gold pieces.

Inventory:

Hand Weapons
 a - a +1 falchion of draining
 s - the +2 spear of Valiance (weapon) {protect, rN++ rCorr Dex-2 SInv}
   (You found it on level 3 of the Dungeon)

   It grants its wielder temporary protection when it strikes (+7 to AC).
   Dex:       It affects your dexterity (-2).
   rN:        It greatly protects you from negative energy.
   SInv:      It lets you see invisible.
   rCorr:     It protects you from acid and corrosion.
Missiles
 d - 7 boomerangs of dispersal (quivered)
Armour
 l - a +0 cloak (worn)
 F - a +0 chain mail (worn)
 J - the +1 robe of Beogh, Kissing {rPois Will++ rCorr Str-5}
   (You found it on level 7 of the Dungeon)

   Str:       It affects your strength (-5).
   rPois:     It protects you from poison.
   rCorr:     It protects you from acid and corrosion.
   Will:      It greatly increases your willpower.
Jewellery
 u - an amulet of magic regeneration
 w - an amulet of regeneration (around neck)
Wands
 B - a wand of charming (15)
Scrolls
 c - 3 scrolls of blinking
 e - 5 scrolls of teleportation
 j - a scroll of vulnerability
 m - a scroll of noise {unknown}
 n - 2 scrolls of enchant weapon
 o - 2 scrolls of fog {unknown}
 p - a scroll of poison {unknown}
 q - a scroll of amnesia {unknown}
 r - 3 scrolls of immolation {unknown}
 t - a scroll of enchant armour {unknown}
 v - 2 scrolls of magic mapping {unknown}
 y - 2 scrolls of silence {unknown}
 A - a scroll of brand weapon
 G - a scroll of identify
Potions
 b - 3 potions of heal wounds
 f - a potion of flight
 h - 3 potions of lignification
 i - 3 potions of magic
 k - 4 potions of curing
 x - a potion of berserk rage
 z - a potion of attraction
 C - a potion of mutation
 D - 4 potions of brilliance
 E - a potion of cancellation
 I - a potion of resistance


   Skills:
 + Level 8.5 Fighting
 - Level 3.1 Long Blades
 - Level 0.8 Throwing
 + Level 10.9 Armour
 - Level 1.3 Dodging
 - Level 1.7 Spellcasting
 - Level 3.0 Translocations
 + Level 0.4 Invocations


You had 11 spell levels left.
You didn't know any spells.
Your spell library contained the following spells:

 Spells                   Type           Power      Damage    Failure   Level
 Blink                    Tloc           20%        N/A       71%         2
 Gell's Gravitas          Tloc           10%        N/A       90%         3
 Lesser Beckoning         Tloc           20%        N/A       90%         3
 Teleport Other           Tloc           10%        N/A       90%         3
 Kiss of Death            Conj/Necr      4%         2d5       93%         1
 Magic Dart               Conj           4%         1d3       93%         1
 Ensorcelled Hibernation  Hex/Ice        2%         N/A       98%         2
 Passwall                 Tmut/Erth      0%         N/A       98%         2
 Searing Ray              Conj           2%         2d4       98%         2
 Vhi's Electric Charge    Tloc/Air       10%        N/A       98%         3
 Confusing Touch          Hex            1%         N/A       100%        3
 Swiftness                Air            1%         N/A       100%        3
 Dispel Undead            Necr           1%         3d6       100%        4
 Fulminant Prism          Conj/Hex       0%         3d5       100%        4
 Manifold Assault         Tloc           10%        N/A       100%        4
 Dispersal                Tloc           5%         N/A       100%        6


Dungeon Overview and Level Annotations

Branches:
Dungeon (8/15)             Temple (1/1) D:5           Sewer (visited)
   Lair: D:8-11

Altars:
Ashenzari
Cheibriados
Dithmenos
Elyvilon
Fedhas
Gozag
Hepliaklqana
Kikubaaqudgha
Makhleb
Nemelex Xobeh
Okawaru
Qazlal
Ru
Sif Muna
Trog
Uskayaw
Vehumet
Wu Jian
Xom
Yredelemnul
Zin
The Shining One


Innate Abilities, Weirdness & Mutations

You are completely covered in rugged brown scales. (AC +3, +7% HP)
Armour fits poorly on your strangely shaped body.
You have a long armoured tail.
You roll when moving toward enemies. (Rampage)
Your long tongue fully drains potion bottles. (2x potion effects)
Your tongue gives you trouble enunciating. (1.5x scroll delay)


Message History

You feel as though you will be slow longer.
The hornet stings you but does no damage.
You barely miss the hornet.
The hornet is heavily wounded.
You feel very sick. The hornet stings you!
* * * LOW HITPOINT WARNING * * *
You are lethally poisoned!
You feel as though you will be slow longer.
The hornet barely misses you.
The hornet stings you but does no damage.
Unknown command.
You slurp down every last drop of the 4 potions of heal wounds!
You feel much better.
You feel very sick. The hornet stings you.
You suddenly lose the ability to move!
The hornet completely misses you.
You can move again.
You hit the hornet.
The hornet is heavily wounded.
You feel very sick. The hornet stings you!
* * * LOW HITPOINT WARNING * * *
You are more poisoned.
You feel as though you will be slow longer.
The hornet stings you.
* * * LOW HITPOINT WARNING * * *
You feel as though you will be slow longer.
You puncture the hornet!
The hornet is severely wounded.
You feel extremely sick. The hornet stings you!
* * * LOW HITPOINT WARNING * * *
You are lethally poisoned!
You feel as though you will be slow longer.
The hornet barely misses you.
The hornet stings you but does no damage.
You barely miss the hornet.
The hornet is severely wounded.
You die...

#...#....#
#.<.'.>..#
#...#..>.#
#...#....#
#...#....#
#...#....#
#...#....#
#...#....#
#@..#....#
#y..#....#
#...#....#
#...#....#
+...#....#
#...#...^#
#...#....#
....#....#
#....#


You could see a hornet.

Vanquished Creatures
  Joseph (D:8)
  Edmund (D:6)
  A water moccasin (D:6)
  Pargi (Sewer)
  An ice beast (D:8)
  A black bear (D:4)
  An ogre (D:5)
  2 phantoms
  2 kobold brigands
  3 bullfrogs
  A necrophage (D:5)
  4 wights (D:6)
  A water moccasin skeleton (D:6)
  A howler monkey (D:6)
  A centaur zombie (D:6)
  4 bullfrog zombies (D:6)
  2 hounds
  2 orc priests
  3 jellies
  A gnoll bouda (D:6)
  Jessica (D:3)
  A bullfrog skeleton (D:6)
  2 centaur skeletons (D:6)
  7 iguanas
  Terence (D:3)
  6 orc wizards
  A killer bee zombie (D:6)
  3 gnolls
  10 adders
  3 river rats (D:4)
  A shadow imp (D:5)
  3 white imps
  An ufetubus (D:5)
  3 worms
  A dart slug (D:2)
  26 orcs
  14 ball pythons
  5 endoplasms
  4 giant cockroaches (D:4)
  8 goblins
  5 hobgoblins
  3 jackals (D:1)
  18 kobolds
  A quokka (D:4)
  8 bats
  3 frilled lizards
  24 rats
197 creatures vanquished.

Vanquished Creatures (others)
  A plant (D:2)
  A withered plant (D:6)
2 creatures vanquished.

Grand Total: 199 creatures vanquished

Notes
Turn   | Place    | Note
-------+----------+-------------------------------------------
     0 | D:1      | cforsyth the Armataur Warper began the quest for the Orb.
     0 | D:1      | Reached XP level 1. HP: 18/18 MP: 3/3
   445 | D:1      | Reached XP level 2. HP: 21/25 MP: 4/4
   670 | D:1      | Reached skill level 2 in Armour
  1077 | D:2      | Found a faded altar of an unknown god.
  1259 | D:2      | Reached XP level 3. HP: 32/32 MP: 5/5
  1955 | D:2      | Reached XP level 4. HP: 33/39 MP: 6/6
  2201 | D:3      | Reached skill level 3 in Armour
  2425 | D:3      | Reached XP level 5. HP: 30/48 MP: 7/7
  2428 | D:3      | Identified the +2 spear of Valiance {protect, rN++ rCorr
                  | Dex-2 SInv}
  2559 | D:3      | Noticed Terence
  2590 | D:3      | Killed Terence
  2790 | D:3      | Reached skill level 4 in Armour
  2810 | D:3      | Noticed Jessica
  2815 | D:3      | Killed Jessica
  3183 | D:4      | Noticed a black bear
  3201 | D:4      | Killed a black bear
  3202 | D:4      | Reached XP level 6. HP: 30/55 MP: 8/8
  3270 | D:4      | Reached skill level 5 in Armour
  3282 | D:4      | Found a glowing drain.
  3302 | Sewer    | Entered a sewer
  3383 | Sewer    | Noticed Pargi
  3420 | Sewer    | Killed Pargi
  4020 | D:4      | Reached XP level 7. HP: 64/64 MP: 9/9
  4336 | D:5      | Entered Level 5 of the Dungeon
  4352 | D:5      | Reached skill level 6 in Armour
  4408 | D:5      | Reached skill level 5 in Fighting
  4525 | D:5      | Found a staircase to the Ecumenical Temple.
  4573 | Temple   | Entered the Ecumenical Temple
  5041 | D:5      | Reached skill level 7 in Armour
  5536 | D:5      | Found a snail-covered altar of Cheibriados.
  5540 | D:5      | Found a bloodstained altar of Trog.
  5628 | Temple   | Became a worshipper of Warmaster Okawaru
  5899 | D:6      | Reached XP level 8. HP: 72/74 MP: 10/10
  6226 | D:6      | Reached skill level 8 in Armour
  6374 | D:6      | Reached * piety under Okawaru
  6444 | D:6      | Noticed Edmund
  6481 | D:6      | Killed Edmund
  6810 | D:6      | Reached skill level 9 in Armour
  7702 | D:6      | Reached ** piety under Okawaru
  8103 | D:6      | Reached XP level 9. HP: 84/84 MP: 11/11
  8581 | D:6      | Reached skill level 10 in Armour
  9439 | D:7      | Identified the +1 robe of Beogh, Kissing {rPois Will++
                  | rCorr Str-5}
  9558 | D:8      | Noticed Joseph
  9991 | D:8      | Killed Joseph
  9991 | D:8      | Reached *** piety under Okawaru
 10157 | D:8      | Paralysed by a hornet for 1 turns
 10160 | D:8      | Succumbed to a hornet's poison

Illustrated notes

Levels and vault maps discovered:
D:1:      dpeg_arrival_water_fire, layout_basic
D:2:      layout_loops_ring, hellmonk_ecumenical_altar_crossroads,
          serial_forest, infiniplex_forest_pool, infiniplex_forest_lined_3,
          infiniplex_forest_lined_corner, infiniplex_forest_straight_2,
          infiniplex_forest_pool, infiniplex_forest_zigzag_2,
          infiniplex_forest_zigzag_2
D:3:      layout_loops_ring, minmay_snake_closets, uniq_terence, uniq_jessica
D:4:      layout_loops_ring, portal_sewer_entry_e, minmay_rat_hole
D:5:      layout_basic, grunt_temple_overflow_open,
          minmay_temple_entry_large_hall
D:6:      layout_basic, serial_undead, serial_undead_d, serial_undead_e,
          serial_undead_a, serial_undead_f,
          hangedman_abyss_or_decor_jellyfish_corner,
          chequers_serial_rivers_small_3, uniq_edmund
D:7:      layout_cave_pools
D:8:      layout_gridville, uniq_pikel, uniq_joseph
Temple:   nicolae_temple_bog_church

Skill      XL: |  1  2  3  4  5  6  7  8  9 |
---------------+----------------------------+-----
Fighting       | 2 3 4 5 7 8 |  8.5
Long Blades    | 2 3 |  3.1
Armour         | 2 3 4 5 7 9 10 | 10.9
Throwing       | |  0.8
Dodging        | |  1.3
Spellcasting   | |  1.7
Translocations | |  3.0
Invocations    | |  0.4

Action                   |  1- 3 |  4- 6 |  7- 9 || total
-------------------------+-------+-------+-------++-------
Melee: Falchion          |   132 |    63 |       ||   195
       Tailslap          |    11 |    32 |    91 ||   134
       Punch             |     1 |     2 |     9 ||    12
       Spear             |       |   213 |   671 ||   884
Invok: Heroism           |       |       |     1 ||     1
  Use: Scroll            |       |       |    16 ||    16
       Potion            |       |       |     2 ||     2
Armor: Leather armour    |    34 |       |       ||    34
       Scale mail        |    33 |   231 |   203 ||   467
       Chain mail        |       |       |   305 ||   305
Dodge: Dodged            |    47 |   114 |   232 ||   393

Table legend: (Time is in decaauts)
 A = Elapsed time spent in this place.
 B = Non-inter-level travel time spent in this place.
 C = Inter-level travel time spent in this place.
 D = Time resting spent in this place.
 E = Time spent auto-exploring this place.
 F = Levels seen in this place.
 G = Mean time per level.
                   A        B        C        D        E       F      G
               +--------+--------+--------+--------+--------+-----+--------+
         Total |  10312 |   9919 |    393 |   2613 |   5095 |  10 | 1031.2 |
       Dungeon |   9335 |   8983 |    352 |   2042 |   4930 |   8 | 1166.9 |
        Temple |    563 |    522 |     41 |    331 |     94 |   1 |  563.0 |
         Sewer |    414 |    414 |      0 |    240 |     71 |   1 |  414.0 |
               +--------+--------+--------+--------+--------+-----+--------+

Top non-repeatable levels by time:
     D:6: 2571 daAuts
     D:5: 1568 daAuts
     D:2: 1077 daAuts
     D:3: 1061 daAuts
     D:1: 1053 daAuts
     D:7: 879 daAuts
     D:4: 788 daAuts
  Temple: 563 daAuts
   Sewer: 414 daAuts
     D:8: 336 daAuts
